Aragorn, chaotic male human Ranger ------- ----- --------- |......#### |...| |.......| ---------- |.....| # |...| |.......| |]*!.!(?@-# |>....| ##.....# |.......-# |*%?!/?..|# |.....| |...|# |.......|# -------- |[%[?)%?.|# ----.-- |...|# |.......|# ##.......| |(%*?*!!.|# ## -----# |.......|# |{.....| |[!%!m([.|# # # --|------# |......| |?)?@*!".|# ### # ## # #-......| ----------# # # # # ###--|-|--- # ### #########` # # # # ### --|----------- #-.------- # ### # |............| #|.{.....| ######### # ##..............#%#####|.......| #-------|-# |............| #|.......| ........|# |............| #|..<....| ##|.......|# -------------- #+.......|####|........# #---------# #........| ########### --+---+-- Aragorn the Lookout Experience level: 3 Strength: 15 Dexterity: 11 Constitution: 15 Intelligence: 14 Wisdom: 13 Charisma: 7 Health: 0(25) Energy: 8(8) Def: 7 Gold: 110 Moves: 1659 Dungeon seed: SPY7sb9NKmlhq0fe Game ID: Aragorn_1543359580 Your Inventory: Coins $ - 110 gold pieces Amulets i - a cursed amulet of change m - a cursed amulet of restful sleep Weapons a - an uncursed +1 dagger (weapon in hand) b - an uncursed +1 bow (alternate weapon; not wielded) c - 54 blessed +2 arrows (in quiver) d - 35 uncursed +0 arrows h - 9 uncursed +0 elven arrows Armor e - a blessed +2 cloak of displacement (being worn) n - a cursed -1 chain mail (being worn) Comestibles f - 3 uncursed cram rations o - an uncursed partly eaten food ration q - 3 uncursed food rations Spellbooks g - an uncursed spellbook of remove curse Potions l - an uncursed potion of water Wands p - an uncursed wand of sleep (0:8) Spells and supernatural/magical abilities: Name Level Category Cost Memory W - pray for help -- divine ? -- Your skills at the end: Fighting Skills wands [Basic] Weapon Skills dagger [Basic] bow [Basic] Spellcasting Skills Final Attributes: You were piously aligned. You had automatic searching. You were displaced. Mars was noncommittal. You are dead. Vanquished creatures: a wererat a giant rat 2 geckos 2 jackals a kobold a goblin 2 sewer rats 4 grid bugs 4 lichens 2 newts 20 creatures vanquished. Voluntary challenges: You followed a strict vegan diet. You were an atheist. You used a wielded weapon 33 times, starting on turn 184. You were illiterate. You never genocided any monsters. You never polymorphed an object. You never changed form. You used no wishes. You never split a pudding. You never wrote Elbereth's name. You never violated your personal moral code. Dungeon overview: The Dungeons of Doom: levels 1 to 4 Level 1 a fountain a long staircase Level 2 a jewelry store, a fountain Level 3 a general store, some fountains a long staircase Level 4 <- You were here a general store, some fountains History has recorded: On T:1 you entered the Dungeons of Doom to retrieve the Amulet of Yendor! On T:404 you reached level 2 of The Dungeons of Doom. On T:554 you advanced to experience level 2. On T:900 you reached level 3 of The Dungeons of Doom. On T:1339 you reached level 4 of The Dungeons of Doom. On T:1401 you advanced to experience level 3. Score breakdown: Gold: 110 ( 6957 points) Experience: 3 levels ( 7878 points) Exploration: 4 levels ( 8.70%) ( 7745 points) Discoveries: 0 items ( 0.00%) ( 0 points) Valuables value: (no points given unless you survive) Artifact value: 0 ( 0 points) Variety of kills: 10 monsters ( 2.63%) ( 4866 points) Turncount: 1659 turns ( 0 points) Survival: died (score multiplied by 80%) Total score: 21956 Latest messages: You see here a jeweled wand (262 zorkmids). You see here a food ration (67 zorkmids). "For you, honored sir; only 67 for this food ration." q - a food ration (unpaid, 67 zorkmids). You see here a scroll labeled YUM YUM (150 zorkmids). You see here a slime mold (25 zorkmids). You see here 2 eggs (26 zorkmids). You see here a tripe ration (22 zorkmids). You see here a food ration (67 zorkmids). You think there's a mimic there. "For you, most gracious sir; only 67 for this food ration." q - a food ration (unpaid, 67 zorkmids). <3 food rations for 201 zorkmids. Pay? [yn]: y> You bought 3 food rations for 201 gold pieces. "Thank you for shopping in Pakka Pakka's general store!" You miss it. The giant mimic hits! (2x) You miss the giant mimic. You hit the giant mimic. (3x) The giant mimic hits! You die... Pakka Pakka gratefully inherits all your possessions. Final status: Goodbye Aragorn the Ranger, killed by a giant mimic... You died in The Dungeons of Doom on dungeon level 4 with 21956 points, and 110 pieces of gold, after 1659 moves. You were level 3 with a maximum of 25 hit points when you died.